 Dungeon Crawl Stone Soup version 0.21.1-1-g345015f (webtiles) character file.

58445 inc the Destroyer (level 14, 0/76 HPs)
             Began as a Felid Chaos Knight on Feb 23, 2018.
             Was the Champion of Vehumet.
             Slain by a flail of holy wrath (24 damage)
             ... on level 1 of the Elven Halls.
             The game lasted 02:51:47 (44968 turns).

inc the Destroyer (Felid Chaos Knight)             Turns: 44968, Time: 02:51:48

Health: 0/76       AC:  4    Str:  6 (8)  XL:     14   Next: 49%
Magic:  1/30       EV: 27    Int: 17 (19) God:    Vehumet [******]
Gold:   2538       SH:  0    Dex: 16 (17) Spells: 2/35 levels left
                                        Lives:  0   Deaths: 4

rFire    . . .     SeeInvis +     - Unarmed
rCold    + . .     Gourm    .   (shield unavailable)
rNeg     . . .     Faith    .   (armour unavailable)
rPois    .         Spirit   .   (helmet unavailable)
rElec    .         Reflect  .   (cloak unavailable)
rCorr    .         Harm     .   (gloves unavailable)
MR       ++...     Clarity  +   (boots unavailable)
Stlth    ++++++....             (no amulet)
HPRegen  0.22/turn              f - +2 ring of intelligence
MPRegen  0.22/turn              p - +5 ring of evasion

@: studying Fighting, drained, quick
A: very small, no armour, no weapons or thrown items, stealth, claws 1, fangs 3,
horns 1, rugged brown scales 1, camouflage 1, see invisible, carnivore, clarity,
deterioration 1, speed 1, robust 1, shaggy fur 3, slow metabolism 1, wild magic
2, sharp paws
a: Renounce Religion


You were on level 1 of the Elven Halls.
You worshipped Vehumet.
Vehumet was exalted by your worship.
You were full.

You visited 5 branches of the dungeon, and saw 23 of its levels.
You also visited: Bailey.

You collected 2538 gold pieces.

Inventory:

Jewellery
 f - a +2 ring of intelligence (left paw)
 l - an uncursed ring of ice
 n - an uncursed amulet of harm
 p - a +5 ring of evasion (right paw)
 u - a +2 ring of strength
 z - an uncursed ring of loudness
 C - an uncursed ring of protection from cold
 L - a +3 ring of strength
 Q - an uncursed ring of positive energy
Wands
 o - a wand of iceblast (19)
 q - a wand of paralysis (20)
 A - a wand of random effects (29)
 M - a wand of enslavement (12)
 N - a wand of polymorph (11)
Scrolls
 b - 4 scrolls of magic mapping {unknown}
 d - 4 scrolls of enchant weapon {unknown}
 e - 10 scrolls of remove curse
 g - 3 scrolls of teleportation
 i - 4 scrolls of amnesia
 s - 5 scrolls of fog
 v - 3 scrolls of enchant armour
 w - a scroll of blinking
 y - 2 scrolls of random uselessness
 D - 2 scrolls of torment {unknown}
 F - a scroll of brand weapon
 I - 2 scrolls of vulnerability {unknown}
 K - 2 scrolls of summoning {unknown}
 P - a scroll of silence
 S - a scroll of fear
Potions
 c - 15 potions of degeneration
 h - a potion of invisibility
 j - 2 potions of curing
 k - 2 potions of mutation
 m - a potion of brilliance
 B - 5 potions of haste
 E - 2 potions of lignification
 G - a potion of might
 J - a potion of cancellation
Books
 r - a book of Cantrips

   Spells                             Type                      Level
   a - Confusing Touch                Hexes                        1
   b - Animate Skeleton               Necromancy                   1
   c - Summon Small Mammal            Summoning                    1
   d - Apportation                    Translocation                1
 x - a book of Misfortune

   Spells                             Type                      Level
   a - Confusing Touch                Hexes                        1
   b - Confuse                        Hexes                        3
   c - Gell's Gravitas                Translocation                3
   d - Petrify                        Transmutation/Earth          4
   e - Metabolic Englaciation         Hexes/Ice                    5
   f - Yara's Violent Unravelling     Hexes/Transmutation          5
 O - a book of Beasts

   Spells                             Type                      Level
   a - Summon Butterflies             Summoning                    1
   b - Call Canine Familiar           Summoning                    3
   c - Summon Ice Beast               Ice/Summoning                4
   d - Summon Mana Viper              Hexes/Summoning              5
   e - Summon Hydra                   Summoning                    7
 R - a manual of Fighting
Miscellaneous
 t - a box of beasts
Comestibles
 a - 28 rations


   Skills:
 + Level 11.7(11.2) Fighting
 - Level 7.4(6.9) Dodging
 - Level 9.7(9.2) Stealth
 - Level 5.4(4.9) Unarmed Combat
 - Level 11.0(10.5) Spellcasting
 - Level 12.4(11.9) Conjurations
 - Level 10.2(9.7) Hexes
 - Level 4.3(3.9) Summonings
 - Level 8.3(7.8) Fire Magic
 - Level 4.4(4.0) Air Magic
 - Level 7.0(6.5) Earth Magic
   Level 6.6(6.2) Invocations


You had 2 spell levels left.
You knew the following spells:

 Your Spells              Type           Power        Failure   Level  Hunger
a - Confusing Touch       Hex            ######       1%          1    None
b - Flame Tongue          Conj/Fire      #####        1%          1    None
c - Static Discharge      Conj/Air       ######..     1%          3    None
d - Bolt of Fire          Conj/Fire      ######....   11%         6    ######.
e - Fireball              Conj/Fire      ######....   2%          5    #####..
f - Bolt of Magma         Conj/Fire/Erth ######....   4%          5    #####..
g - Fulminant Prism       Conj/Hex       ######....   1%          4    ###....
h - Summon Butterflies    Summ           #####...     5%          1    None
i - Orb of Destruction    Conj           ######....   21%         7    #######


Dungeon Overview and Level Annotations

Branches:
Dungeon (13/15)            Temple (1/1) D:6            Lair (6/6) D:8
 Shoals (0/4) Lair:2        Snake (0/4) Lair:3        Slime (0/5) Lair:5
    Orc (2/2) D:9             Elf (1/3) Orc:2
 Vaults: D:13-14

Altars:
Ashenzari
Cheibriados
Dithmenos
Elyvilon
Fedhas
Hepliaklqana
Kikubaaqudgha
Makhleb
Okawaru
Qazlal
Ru
Sif Muna
Vehumet
Wu Jian
Xom
Yredelemnul
Zin
The Shining One
Beogh

Shops:
D:4 *   D:10 (   D:13 =   Orc:2 }}%[

Annotations:
D:4 shugdite's ghost, amateur MiFi
D:7 Dowan; Duvessa
Lair:1 Gastronok


Innate Abilities, Weirdness & Mutations

You cannot wear armour.
You are incapable of wielding weapons or throwing items.
Your paws allow you to move quietly. (Stealth)
You have sharp claws.
You have razor-sharp teeth.
You have supernaturally acute eyesight. (SInv)
You are carnivorous and can eat meat at any time.
You cover ground quickly.
Your thick and shaggy fur keeps you warm. (AC +3, rC+)
You have a slow metabolism.
Your sharp claws are effective at attacking unaware monsters.
You have a pair of small horns on your head.
You are partially covered in rugged brown scales. (AC +1, +3% HP)
Your skin changes colour to match your surroundings (Stealth+).
You possess an exceptional clarity of mind.
Your body sometimes deteriorates upon taking damage.
You are robust. (+10% HP)
Your spells are harder to cast, but more powerful.


Message History

The flail of holy wrath partially resists.
The flail of holy wrath is almost destroyed.
The flail of holy wrath hits you!!
Casting: Bolt of Magma
Confirm with . or Enter, or press ? or * to list all spells.
You don't have enough magic to cast that spell.
Unknown command.
There is an open door here.
Casting: Bolt of Magma
Confirm with . or Enter, or press ? or * to list all spells.
Aiming: Bolt of Magma
Press: ? - help, Shift-Dir - straight line, f/p - flail of holy wrath
Aim: a flail of holy wrath (severely damaged)
The bolt of magma misses the flail of holy wrath.
The flail of holy wrath hits you!
Your body deteriorates!
You feel weakened. The flail of holy wrath hits you!
You hear the stately crackle of a very distant magical portal.
The flail of holy wrath hits you!!
You die...

#.......#............
+....................
#..................).
#......#............
##....###...........
##..## ##.........# #'##
##+######'# #.# #.#
#@#######. ##.#
##(......)...###..#
###.####.....####......<.#
...........#.# ###.###.##
##.#####.###.# #.#
###+#####'## # #.#
..)........# #.#
...........# #.#
...........# #.#


You could see a flail of holy wrath.

Vanquished Creatures
  Rupert (Lair:4)
  2 orc warlords
  A stone giant (D:13)
  A deep elf demonologist (Elf:1)
  Josephine (Lair:4)
  The ghost of Haldmier the Zephyrmancer, a journeyman TeAE of Vehumet (Lair:3)
  Harold (Lair:4)
  4 hydras
  A catoblepas (Lair:5)
  A centaur warrior (D:13)
  5 two-headed ogres
  6 death yaks
  A queen ant (Lair:2)
  An orc high priest (Orc:2)
  Nergalle (Lair:1)
  Sonja (D:10)
  An unseen horror (D:13)
  3 orc knights
  An ugly thing (D:13)
  5 orc sorcerers
  A deep elf mage (Elf:1)
  A cyclops (D:13)
  2 manticores (D:11)
  2 centaur zombies
  6 elephants
  A black mamba (Lair:6)
  An ice statue (D:13)
  A torpor snail (Lair:2)
  2 gargoyles (D:11)
  A centaur skeleton (D:12)
  21 spiny frogs
  A rime drake (Lair:5)
  10 komodo dragons
  7 ice devils (D:13)
  7 trolls
  3 tyrant leeches (Lair:6)
  A queen bee (D:8)
  3 polar bears
  31 blink frogs
  4 dream sheep (Lair:6)
  12 hippogriffs
  A shadow (D:12)
  A spriggan (D:10)
  2 wyverns
  5 wraiths (Lair:4)
  52 yaks
  2 basilisks
  A steam dragon (D:7)
  7 vampire mosquitoes
  2 hungry ghosts
  5 nagas (Lair:3)
  Menkaure (D:6)
  2 wargs
  An acid dragon (D:13)
  20 soldier ants (Lair:3)
  7 water moccasins
  7 porcupines
  47 orc warriors
  5 sky beasts
  A black bear (D:11)
  An eye of draining (D:11)
  A necrophage (D:13)
  5 wolves (Lair:5)
  13 ogres
  A phantom (D:11)
  8 centaurs
  14 crocodiles
  4 big kobolds
  35 bullfrogs
  A wyvern zombie (D:13)
  A water moccasin zombie (D:6)
  7 scorpions
  4 killer bees (D:13)
  13 wights
  8 howler monkeys
  6 electric eels
  A lava snake (D:13)
  A crimson imp (D:8)
  A quasit (D:13)
  6 hounds
  6 jellies
  35 orc priests
  41 orc wizards
  2 bullfrog skeletons
  2 iguanas (D:9)
  Ijyb (D:5)
  21 worker ants
  2 hound zombies
  2 hound skeletons
  2 gnolls (D:7)
  7 adders
  5 shadow imps
  5 ufetubi (D:13)
  An adder zombie (D:8)
  An adder skeleton (D:5)
  A worm (D:2)
  3 dart slugs
  8 leopard geckos
  135 orcs
  A ball python (D:1)
  3 giant cockroaches
  2 hobgoblins (D:1)
  8 jackals
  5 quokkas
  8 bats
  3 frilled lizards
  9 goblins
  A jackal zombie (D:5)
  31 kobolds
  3 rats
  A fire vortex (D:13)
  2 fulminant prisms (Lair:4)
  3 fungi
  5 plants
822 creatures vanquished.

Vanquished Creatures (collateral kills)
  An orange demon (D:4)
  A quokka (D:4)
2 creatures vanquished.

Vanquished Creatures (others)
  A blink frog (Lair:5)
  A porcupine (Lair:5)
  An orc wizard (D:4)
  154 fulminant prisms
  54 fungi
  59 plants
270 creatures vanquished.

Grand Total: 1094 creatures vanquished

Notes
Turn   | Place    | Note
-------+----------+-------------------------------------------
     0 | D:1      | inc the Felid Chaos Knight began the quest for the Orb.
     0 | D:1      | Reached XP level 1. HP: 10/10 MP: 2/2
   104 | D:1      | XOM: divination: detect items
   328 | D:1      | XOM: silly message
   424 | D:1      | XOM: divination: detect creatures
   492 | D:1      | Reached XP level 2. HP: 12/14 MP: 3/3
  1093 | D:1      | XOM: silly message
  1167 | D:1      | XOM is BORED!
  1167 | D:1      | XOM: silly message
  1566 | D:1      | Reached skill level 1 in Stealth
  1566 | D:1      | Reached XP level 3. HP: 17/17 MP: 4/4
  1863 | D:2      | Noticed a phantom
  1868 | D:2      | XOM: smoke on damage
  1882 | D:2      | XOM: potion effect (haste)
  1884 | D:2      | XOM: harmless Ice miscast
  1887 | D:2      | XOM: divination: detect items
  2038 | D:2      | XOM: harmless Fire miscast
  2063 | D:2      | XOM: 2-stop teleportation journey
  2196 | D:2      | XOM: harmless Ice miscast
  2458 | D:2      | XOM: butterfly on damage
  2463 | D:2      | Found a glowing golden altar of the Shining One.
  2589 | D:2      | XOM is BORED!
  2589 | D:2      | XOM: mild Necr miscast
  2770 | D:3      | Found an ancient bone altar of Kikubaaqudgha.
  3051 | D:3      | Gained mutation: You are partially covered in slimy green scales. (AC +2) [potion of mutation]
  3051 | D:3      | Gained mutation: You possess an exceptional clarity of mind. [potion of mutation]
  3051 | D:3      | Gained mutation: Your spells are a little harder to cast, but a little more powerful. [potion of mutation]
  3051 | D:3      | Gained mutation: You have a pair of small horns on your head. [potion of mutation]
  3077 | D:3      | Reached XP level 4. HP: 21/21 MP: 5/5
  3668 | D:3      | Reached skill level 5 in Dodging
  3718 | D:3      | Found a white marble altar of Elyvilon.
  3781 | D:3      | XOM: god gift: 7 needles of sleeping
  3968 | D:3      | Found a deep blue altar of Sif Muna.
  4019 | D:3      | XOM: god gift: 3 rations
  4020 | D:3      | XOM: cloud trail
  4149 | D:4      | XOM: god gift: scroll labeled CIABUI NENGEVEI {god gift}
  4212 | D:4      | Noticed shugdite's ghost (amateur MiFi)
  4270 | D:4      | Noticed Eustachio
  4281 | D:4      | Noticed Eustachio
  4281 | D:4      | Eustachio changed into Eustachio the jelly
  4281 | D:4      | XOM: polymorph Eustachio -> Eustachio the jelly
  4285 | D:4      | Killed Eustachio the jelly
  4285 | D:4      | Reached XP level 5. HP: 13/24 MP: 6/6
  4349 | D:4      | XOM: fog
  4362 | D:4      | XOM: cleaving
  4367 | D:4      | XOM: cleaving
  4374 | D:4      | XOM: destruction
  4375 | D:4      | XOM: summons 5 friendly demons
  4390 | D:4      | XOM: butterfly on damage
  4404 | D:4      | XOM: confuse monster(s)
  4421 | D:4      | Found Celeuw's General Store.
  4421 | D:4      | XOM: 1-stop teleportation journey
  4433 | D:4      | XOM: fake destruction
  4543 | D:3      | XOM: 6-stop teleportation journey
  4758 | D:4      | XOM: butterfly on damage
  4907 | D:4      | Noticed Grinder
  4917 | D:5      | Entered Level 5 of the Dungeon
  5024 | D:5      | Noticed Ijyb
  5037 | D:5      | Killed Ijyb
  5230 | D:5      | Gained mutation: You are covered in thick fur. (AC +2) [Felid growth]
  5230 | D:5      | Reached XP level 6. HP: 28/28 MP: 7/7
  5239 | D:5      | XOM: blink monster(s)
  5259 | D:5      | XOM: summons 6 friendly demons
  5466 | D:5      | Reached skill level 5 in Fighting
  5637 | D:5      | XOM: give mutations
  5637 | D:5      | Gained mutation: You are partially covered in rugged brown scales. (AC +1, +3% HP) [Xom's grace]
  5637 | D:5      | Gained mutation: Your spells are harder to cast, but more powerful. [Xom's grace]
  5743 | D:5      | Learned a level 1 spell: Confusing Touch
  5759 | D:5      | XOM: 6-stop teleportation journey
  5787 | D:6      | Noticed a sky beast
  5818 | D:6      | XOM: chaos cloud
  5824 | D:6      | Killed a sky beast
  5824 | D:6      | Reached XP level 7. HP: 13/33 MP: 8/8
  5830 | D:6      | Paralysed by you for 2 turns
  5839 | D:6      | Reached skill level 5 in Unarmed Combat
  6093 | D:4      | XOM: scenery: 3 doors open
  6095 | D:4      | Paralysed by Grinder for 4 turns
  6099 | D:4      | Noticed Grinder
  6099 | D:4      | Grinder changed into Grinder the orange demon
  6099 | D:4      | XOM: polymorph Grinder -> Grinder the orange demon
  6428 | D:4      | XOM: scenery: 2 doors close
  6549 | D:4      | XOM: divination: detect creatures
  6553 | D:4      | Reached skill level 1 in Hexes
  6605 | D:4      | XOM: summons 5 friendly demons
  6607 | D:4      | XOM: cleaving
  6614 | D:4      | XOM: potion effect (agility)
  6617 | D:4      | Killed Grinder the orange demon
  6745 | D:4      | XOM: blink monster(s)
  6832 | D:3      | Fell from the grace of Xom
  6832 | D:3      | Became a worshipper of Elyvilon the Healer
  6947 | D:6      | Reached skill level 5 in Hexes
  7054 | D:6      | Found a hazy altar of Hepliaklqana.
  7284 | D:6      | Reached XP level 8. HP: 27/38 MP: 9/9
  7438 | D:7      | Reached skill level 5 in Stealth
  7524 | D:7      | XOM: give mutation
  7524 | D:7      | Gained mutation: You are clumsy. (Dex -2) [Xom's mischief]
  7542 | D:7      | Reached * piety under Elyvilon
  7730 | D:7      | Found a flagged portal.
  7771 | Bailey   | Entered a bailey
  8206 | Bailey   | XOM: give mutations
  8206 | Bailey   | Lost mutation: You are partially covered in slimy green scales. (AC +2) [Xom's mischief]
  8206 | Bailey   | Gained mutation: Your body sometimes deteriorates upon taking damage. [Xom's mischief]
  8206 | Bailey   | Lost mutation: You are clumsy. (Dex -2) [Xom's mischief]
  8458 | Bailey   | Reached ** piety under Elyvilon
  8819 | Bailey   | XOM: draining
  9001 | Bailey   | Reached skill level 5 in Invocations
  9003 | Bailey   | Reached XP level 9. HP: 41/41 MP: 12/14
  9066 | Bailey   | Noticed an orc knight
  9371 | D:7      | Noticed Menkaure
  9373 | D:7      | Noticed Duvessa
  9417 | D:6      | XOM: summons 3 hostile demons
  9453 | D:7      | Noticed Dowan
  9585 | D:6      | Found a staircase to the Ecumenical Temple.
  9614 | Temple   | Entered the Ecumenical Temple
  9623 | Temple   | XOM: god gift: +9 staff of Wucad Mu {channel}
  9624 | Temple   | Found the +9 staff of Wucad Mu {channel}
  9632 | Temple   | Fell from the grace of Elyvilon
  9632 | Temple   | Became a worshipper of Vehumet
  9789 | D:6      | Reached skill level 1 in Spellcasting
  9835 | D:6      | Found a sacrificial altar of Ru.
  9837 | D:6      | Found a basalt altar of Yredelemnul.
  9838 | D:6      | Found a blossoming altar of Fedhas.
  9935 | D:6      | Killed Menkaure
  9973 | D:6      | XOM: mild Summ miscast
 10284 | D:7      | XOM: god gift: 6 rations
 11222 | D:8      | Noticed a two-headed ogre
 11449 | D:8      | Killed a two-headed ogre
 11660 | D:8      | Reached * piety under Vehumet
 11660 | D:8      | Offered knowledge of Flame Tongue by Vehumet.
 11685 | D:8      | Learned a level 1 spell: Flame Tongue
 11713 | D:8      | Reached XP level 10. HP: 44/45 MP: 18/18
 11899 | D:8      | Reached skill level 1 in Conjurations
 11899 | D:8      | Reached skill level 1 in Fire Magic
 12500 | D:8      | XOM: summons 2 hostile shadow creatures
 12619 | D:8      | XOM: noise
 12727 | D:8      | XOM: medium Conj miscast
 12767 | D:8      | Noticed a two-headed ogre
 13046 | D:8      | Killed a two-headed ogre
 13046 | D:8      | Reached skill level 2 in Conjurations
 13082 | D:8      | Reached skill level 3 in Conjurations
 13175 | D:8      | Noticed a two-headed ogre
 13177 | D:8      | Found a staircase to the Lair.
 13187 | D:8      | Killed a two-headed ogre
 13187 | D:8      | Reached skill level 4 in Conjurations
 13289 | D:8      | XOM: polymorph black bear -> queen bee
 13519 | D:9      | Offered knowledge of Throw Flame by Vehumet.
 13572 | D:9      | Reached skill level 5 in Fire Magic
 13584 | D:9      | Reached skill level 5 in Conjurations
 13601 | D:9      | Reached ** piety under Vehumet
 13759 | D:9      | Found a white marble altar of Elyvilon.
 13759 | D:9      | Found a glowing silver altar of Zin.
 14029 | D:9      | Reached XP level 11. HP: 49/49 MP: 19/19
 14378 | D:9      | Found an iron altar of Okawaru.
 14411 | D:9      | Found a staircase to the Orcish Mines.
 14788 | D:9      | XOM: mild Hex miscast
 15045 | D:10     | Entered Level 10 of the Dungeon
 15067 | D:10     | XOM: noise
 15164 | D:10     | Found Imnoyk's Weapon Emporium.
 15437 | D:10     | XOM: mild Tloc miscast
 15719 | D:10     | Offered knowledge of Static Discharge by Vehumet.
 15747 | D:10     | Noticed Sonja
 15870 | D:10     | XOM: medium Conj miscast
 15876 | D:10     | Learned a level 3 spell: Static Discharge
 15896 | D:10     | Reached skill level 1 in Air Magic
 16477 | D:10     | XOM: mild Summ miscast
 16667 | D:11     | XOM: 1-stop teleportation journey
 16794 | D:11     | Killed from afar by a gargoyle
 16795 | D:11     | Reached XP level 10. HP: -12/49 MP: 18/18
 17035 | D:11     | XOM: give mutations
 17035 | D:11     | Gained mutation: Your skin changes colour to match your surroundings (Stealth+). [Xom's grace]
 17035 | D:11     | Gained mutation: You are robust. (+10% HP) [Xom's grace]
 17187 | Lair:1   | Entered Level 1 of the Lair of Beasts
 17187 | Lair:1   | Noticed a spiny frog
 17189 | Lair:1   | Killed a spiny frog
 17242 | Lair:1   | Reached *** piety under Vehumet
 17257 | Lair:1   | Noticed a spiny frog
 17264 | Lair:1   | Killed a spiny frog
 17472 | Lair:1   | Noticed Nergalle
 17490 | Lair:1   | Killed Nergalle
 17490 | Lair:1   | Reached skill level 6 in Conjurations
 17651 | Lair:1   | Noticed Gastronok
 17825 | Lair:2   | Reached XP level 11. HP: 57/57 MP: 13/19
 17953 | Lair:2   | Offered knowledge of Inner Flame by Vehumet.
 17953 | Lair:2   | Reached skill level 7 in Conjurations
 17958 | Lair:2   | Learned a level 3 spell: Inner Flame
 18006 | Lair:2   | XOM: noise
 18006 | Lair:2   | Was forgiven by Xom
 18146 | Lair:2   | Found a staircase to the Shoals.
 18473 | Lair:2   | Reached skill level 5 in Spellcasting
 19900 | Lair:4   | Slain by a yak
 19901 | Lair:4   | Reached XP level 10. HP: 0/54 MP: 7/21
 20113 | Lair:3   | Reached **** piety under Vehumet
 20267 | Lair:3   | Noticed a queen ant
 20269 | Lair:3   | Offered knowledge of Fireball by Vehumet.
 20418 | Lair:4   | Learned a level 5 spell: Fireball
 20530 | Lair:4   | Noticed a death yak
 20530 | Lair:4   | Noticed a death yak
 20530 | Lair:4   | Noticed an elephant
 20874 | Lair:4   | Reached XP level 11. HP: 57/57 MP: 20/23
 20881 | Lair:4   | Noticed Josephine
 20899 | Lair:4   | Killed Josephine
 21081 | Lair:4   | Noticed Rupert
 21246 | Lair:4   | Reached skill level 8 in Conjurations
 22498 | Lair:3   | Noticed Haldmier's ghost (journeyman TeAE)
 22819 | Orc:1    | Entered Level 1 of the Orcish Mines
 23022 | D:9      | Learned a level 3 spell: Confuse
 23068 | Orc:1    | Noticed an orc knight
 23450 | D:9      | Killed an orc knight
 23672 | Orc:1    | Reached ***** piety under Vehumet
 23798 | Orc:1    | Offered knowledge of Fulminant Prism by Vehumet.
 23840 | Orc:1    | Learned a level 4 spell: Fulminant Prism
 24622 | Orc:1    | Noticed an orc knight
 24650 | Orc:1    | Killed an orc knight
 24650 | Orc:1    | Gained mutation: Your thick and shaggy fur keeps you warm. (AC +3, rC+) [Felid growth]
 24650 | Orc:1    | Reached XP level 12. HP: 64/64 MP: 8/24
 24666 | Orc:1    | Reached skill level 9 in Conjurations
 25021 | Orc:1    | Found a roughly hewn altar of Beogh.
 25209 | Orc:2    | Entered Level 2 of the Orcish Mines
 25209 | Orc:2    | Noticed an orc warlord
 25217 | Orc:2    | Mangled by an orc warrior
 25218 | Orc:2    | Reached XP level 11. HP: -11/59 MP: 15/23
 25219 | Orc:2    | Noticed an orc warlord
 25228 | Orc:2    | Noticed an orc sorcerer
 26507 | D:10     | Killed Sonja
 26850 | D:10     | Offered knowledge of Bolt of Magma by Vehumet.
 26889 | D:10     | Learned a level 5 spell: Bolt of Magma
 26997 | D:11     | Reached skill level 1 in Earth Magic
 27169 | D:11     | Noticed a four-headed hydra
 27206 | D:11     | Killed a four-headed hydra
 27534 | D:11     | Noticed a two-headed ogre
 27554 | D:11     | Killed a two-headed ogre
 27749 | D:11     | Noticed a two-headed ogre
 28063 | D:11     | Killed a two-headed ogre
 28285 | D:12     | Reached skill level 5 in Earth Magic
 28285 | D:12     | Reached XP level 12. HP: 59/64 MP: 24/24
 30178 | D:13     | Reached XP level 13. HP: 67/67 MP: 25/27
 30420 | D:13     | Reached skill level 10 in Spellcasting
 31143 | D:13     | Noticed a stone giant
 31672 | D:13     | Found Kehureti's Jewellery Emporium.
 32300 | D:13     | Killed a stone giant
 32967 | Orc:1    | Killed an orc warlord
 33267 | Orc:2    | Offered knowledge of Venom Bolt by Vehumet.
 33879 | Lair:3   | Killed Haldmier's ghost
 35110 | Lair:3   | Reached skill level 10 in Conjurations
 35297 | Lair:4   | Noticed Harold
 35322 | Lair:4   | Killed Harold
 35547 | Lair:4   | Reached XP level 14. HP: 67/72 MP: 8/29
 35919 | Lair:4   | Killed Rupert
 35939 | Lair:4   | Learned a level 1 spell: Summon Butterflies
 36107 | Lair:4   | Reached skill level 1 in Summonings
 36273 | Lair:5   | Found a staircase to the Slime Pits.
 36546 | Lair:5   | Splashed with acid
 36547 | Lair:5   | Reached XP level 13. HP: -1/67 MP: 3/28
 38348 | Lair:6   | Entered Level 6 of the Lair of Beasts
 38737 | Lair:6   | Reached skill level 10 in Hexes
 40322 | Lair:6   | Offered knowledge of Orb of Destruction by Vehumet.
 40335 | Lair:6   | Learned a level 7 spell: Orb of Destruction
 40372 | Lair:6   | Reached skill level 11 in Conjurations
 41133 | Lair:6   | Reached XP level 14. HP: 73/73 MP: 5/30
 41788 | Lair:6   | Reached skill level 12 in Conjurations
 42530 | Lair:3   | Found a staircase to the Snake Pit.
 43168 | Orc:2    | Found a staircase to the Elven Halls.
 43690 | Orc:2    | Offered knowledge of Bolt of Fire by Vehumet.
 43709 | Orc:2    | Reached skill level 10 in Fighting
 43970 | Orc:2    | Reached ****** piety under Vehumet
 44083 | Orc:1    | Learned a level 6 spell: Bolt of Fire
 44558 | Orc:2    | Found Goidood's Gadget Emporium.
 44558 | Orc:2    | Found Imuym's Antique Armour Shoppe.
 44558 | Orc:2    | Found Cuaprauti's Food Shoppe.
 44561 | Orc:2    | Found Uneluzax's Gadget Emporium.
 44765 | Orc:2    | Killed an orc warlord
 44856 | Elf:1    | Entered Level 1 of the Elven Halls
 44866 | Elf:1    | Noticed an Ice Fiend
 44968 | Elf:1    | Slain by a flail of holy wrath

Skill      XL: |  1  2  3  4  5  6  7  8  9 10 11 12 13 14 |
---------------+-------------------------------------------+-----
Unarmed Combat | 4 5 |  5.4
Stealth        | 1 2 6 9 |  9.7
Dodging        | 5 6 7 |  7.4
Fighting       | 5 9 11 | 11.7
Hexes          | 7 10 | 10.2
Invocations    | 5 6 |  6.6
Spellcasting   | 4 7 6 9 11 | 11.0
Conjurations   | 6 8 9 11 12 | 12.4
Fire Magic     | 6 8 |  8.3
Air Magic      | 4 3 |  4.4
Earth Magic    | 5 7 |  7.0
Summonings     | 4 3 |  4.3

Action                   |  1- 3 |  4- 6 |  7- 9 | 10-12 | 13-15 || total
-------------------------+-------+-------+-------+-------+-------++-------
Melee: Unarmed           |   177 |   226 |   410 |   603 |   120 ||  1536
       Bite              |    11 |    22 |    40 |    80 |    13 ||   166
       Punch             |     2 |     4 |    11 |    14 |     1 ||    32
       Headbutt          |       |    25 |    69 |   130 |    26 ||   250
 Cast: Confusing Touch   |       |       |    34 |   131 |    21 ||   186
       Flame Tongue      |       |       |       |   520 |   165 ||   685
       Static Discharge  |       |       |       |    74 |    51 ||   125
       Fireball          |       |       |       |   115 |   106 ||   221
       Fulminant Prism   |       |       |       |    26 |   131 ||   157
       Confuse           |       |       |       |     3 |       ||     3
       Inner Flame       |       |       |       |     1 |     1 ||     2
       Bolt of Magma     |       |       |       |    40 |   151 ||   191
       Summon Butterflie |       |       |       |       |     2 ||     2
Invok: Lesser Healing    |       |       |     3 |       |       ||     3
Evoke: Wand              |       |       |    19 |       |       ||    19
  Use: Scroll            |     4 |     2 |     2 |    11 |     4 ||    23
       Potion            |     1 |     4 |     1 |     2 |     3 ||    11
 Stab: Sleeping          |     6 |     4 |     9 |    31 |     1 ||    51
       Confused          |       |       |    18 |    64 |    11 ||    93
       Paralysed         |       |       |     3 |       |       ||     3
       Distracted        |       |       |       |     2 |       ||     2
  Eat: Chunk             |     5 |     5 |    17 |    63 |    86 ||   176
       Ration            |       |     1 |       |     9 |     8 ||    18
Armor: Skin              |     7 |    16 |    22 |    18 |     8 ||    71
Dodge: Dodged            |   133 |   191 |   403 |   644 |   289 ||  1660
